 Dungeon Crawl Stone Soup version 0.29-a0-925-g0a7a3d12f8 (webtiles) character file.

Game seed: 17516714264973375242

115674 gelatine the Severer (level 15, -1/121 HPs)
             Began as a Demonspawn Gladiator on July 29, 2022.
             Was the Champion of Jiyva.
             Slain by an orc warlord
             ... wielding a +1 great mace of protection
              (15 damage)
             ... on level 2 of the Orcish Mines on July 30, 2022.
             The game lasted 01:57:16 (20399 turns).

gelatine the Severer (Demonspawn Gladiator)        Turns: 20399, Time: 01:57:17

Health: -1/121     AC: 13    Str: 20    XL:     15   Next: 86%
Magic:  11/19      EV: 18    Int: 15    God:    Jiyva [******]
Gold:   1798       SH:  4    Dex: 17    Spells: 15/19 levels left

rFire   . . .      SeeInvis .   V - +3 war axe (venom)
rCold   . . .      Faith    .   T - +0 buckler of Irimah {Rampage rElec Int+2}
rNeg    . . .      Spirit   .   r - +4 ring mail {rPois}
rPois   +          Reflect  .   (helmet unavailable)
rElec   +          Harm     .   y - +2 cloak
rCorr   +          Rampage  +   p - +0 pair of gloves
Will    +++..                   (no boots)
Stlth   ++++......              L - amulet of regeneration
HPRegen 2.70/turn               X - +4 ring of protection
MPRegen 0.66/turn               E - ring of Shadows {Umbra +Inv Stlth+}

@: corroded, calling ooze, wreathed by umbra, studying Dodging, very slow
A: demonic guardian 1, spiny 2, sturdy frame 3, demonic touch 2, horns 3, talons
2, agile 1, clever 1, strong-willed 2, pseudopods 3
}: 1/15 runes: slimy
a: Renounce Religion, Evoke Invisibility, Oozemancy, Slimify


You were on level 2 of the Orcish Mines.
You worshipped Jiyva.
Jiyva was exalted by your worship.
You visited 4 branches of the dungeon, and saw 27 of its levels.
You visited 1 bazaar.
You also visited: Gauntlet.

You collected 2080 gold pieces.
You spent 282 gold pieces at shops.

Inventory:

Hand Weapons
 u - the +1 dagger of Abomination {speed, rPois rF+ Will+}
   (You found it on level 7 of the Dungeon)

   Attacks with this weapon are significantly faster.
   rF:        It protects you from fire.
   rPois:     It protects you from poison.
   Will:      It increases your willpower.
 D - a +3 executioner's axe of electrocution
 Q - a +3 battleaxe of freezing
 V - a +3 war axe of venom (weapon)
 Z - a +4 vorpal battleaxe
Missiles
 d - 4 atropa-tipped darts
 e - 13 javelins
 i - 6 curare-tipped darts (quivered)
 l - 25 poisoned darts
 s - a throwing net
Armour
 c - a +0 helmet
 p - a +0 pair of gloves (worn)
 r - a +4 ring mail of poison resistance (worn)
 x - a +0 troll leather armour
 y - a +2 cloak (worn)
 z - the +18 Lear's hauberk
   (You found it on level 6 of the Dungeon)
 A - the -2 helmet of Entitlement {rElec Int+3}
   (You found it on level 6 of the Dungeon)

   Int:       It affects your intelligence (+3).
   rElec:     It insulates you from electricity.
 G - the +1 ring mail of the Conjuring Gods {Str+4}
   (You found it on level 9 of the Dungeon)

   Str:       It affects your strength (+4).
 I - a +2 robe of positive energy
 J - +0 steam dragon scales
 M - a +1 robe of cold resistance
 T - the +0 buckler of Irimah (worn) {Rampage rElec Int+2}
   (You found it on level 5 of the Pits of Slime)

   Int:       It affects your intelligence (+2).
   rElec:     It insulates you from electricity.
   Rampage:   It bestows one free step when moving towards enemies.
Magical Staves
 q - a staff of fire
 H - a staff of death
Jewellery
 v - a +6 ring of intelligence
 E - the ring of Shadows (right hand) {Umbra +Inv Stlth+}
   (You found it on level 9 of the Dungeon)

   [ring of stealth]

   It surrounds you with an aura of shadow, increasing your stealth and reducing
   the accuracy of all others within it.
   +Inv:      It lets you turn invisible.
   Stlth:     It makes you more stealthy.
 L - an amulet of regeneration (around neck)
 N - a ring of fire
 R - a ring of protection from fire
 W - a ring of see invisible
 X - a +4 ring of protection (left hand)
Wands
 b - a wand of charming (17)
 w - a wand of flame (46)
 B - a wand of roots (6)
 F - a wand of mindburst (2)
 P - a wand of polymorph (7)
Scrolls
 a - 7 scrolls of teleportation
 k - a scroll of blinking
 n - a scroll of summoning
 o - 2 scrolls of poison
Potions
 f - 2 potions of cancellation
 g - 2 potions of heal wounds
 j - 3 potions of brilliance
 m - 2 potions of flight
 t - 4 potions of invisibility
 K - 5 potions of lignification
 O - 3 potions of might
 Y - a potion of curing
Miscellaneous
 S - a lightning rod (4/4)
 U - a phial of floods (inert)


   Skills:
 + Level 12.2 Fighting
 + Level 2.4 Short Blades
 + Level 18.5 Axes
 + Level 3.3 Throwing
 + Level 9.1 Armour
 * Level 11.1 Dodging
 + Level 7.7 Stealth
 + Level 2.6 Spellcasting
 + Level 0.1 Hexes
 + Level 2.5 Translocations
 + Level 0.5 Ice Magic
 + Level 3.0 Evocations


You had 15 spell levels left.
You knew the following spells:

 Your Spells              Type           Power      Damage    Failure   Level
a - Blink                 Tloc           18%        N/A       16%         2
b - Ensorcelled Hibernat  Hex/Ice        6%         N/A       36%         2

Your spell library contained the following spells:

 Spells                   Type           Power      Damage    Failure   Level
 Sandblast                Erth           4%         2d4       28%         1
 Lesser Beckoning         Tloc           9%         N/A       30%         3
 Passwall                 Tmut/Erth      1%         N/A       38%         2
 Sublimation of Blood     Necr           2%         N/A       38%         2
 Frozen Ramparts          Ice            6%         1d2       56%         3
 Spider Form              Tmut/Pois      2%         N/A       63%         3
 Stone Arrow              Conj/Erth      4%         3d7       63%         3
 Iskenderun's Mystic Bla  Conj/Tloc      5%         2d3       86%         4
 Ice Form                 Ice/Tmut       2%         N/A       94%         4
 Summon Ice Beast         Ice/Summ       2%         N/A       94%         4
 Anguish                  Hex/Necr       1%         N/A       95%         4
 Animate Armour           Summ/Erth      4%         N/A       95%         4
 Fulminant Prism          Conj/Hex       1%         3d6       95%         4
 Olgreb's Toxic Radiance  Pois           2%         N/A       95%         4
 Petrify                  Tmut/Erth      2%         N/A       95%         4
 Summon Lightning Spire   Summ/Air       2%         N/A       95%         4
 Manifold Assault         Tloc           9%         N/A       95%         5
 Blade Hands              Tmut           1%         N/A       100%        5
 Irradiate                Conj/Tmut      1%         3d12      100%        5
 Lee's Rapid Deconstruct  Erth           1%         3d5*      100%        5
 Iron Shot                Conj/Erth      1%         9d1       100%        6
 Malign Gateway           Summ/Tloc      2%         N/A       100%        7
 Ozocubu's Refrigeration  Ice            1%         4d5       100%        7
 Storm Form               Tmut/Air       1%         N/A       100%        7
 Summon Hydra             Summ           1%         N/A       100%        7
 Ignition                 Fire           1%         3d3       100%        8
 Maxwell's Capacitive Co  Air            1%         ∞         100%        8


Dungeon Overview and Level Annotations

Branches:
Dungeon (15/15)            Temple (0/1) D:7            Lair (5/5) D:8
 Shoals (0/4) Lair:3       Spider (0/4) Lair:3        Slime (5/5) Lair:5
    Orc (2/2) D:9          Vaults (0/5) D:14         Depths (0/4) D:15
Gauntlet (visited)
    Elf: Orc:2

Altars:
Cheibriados
Dithmenos
Fedhas
Kikubaaqudgha
Makhleb
Nemelex Xobeh
Ru
Trog
Vehumet
Wu Jian
Xom
Yredelemnul
Jiyva

Shops:
D:4 (   D:7 *   D:15 (?   Orc:1 =   Orc:2 [

Portals:
Trove: D:11 (lose all piety)

Annotations:
D:15 Azrael
Slime:5 Royal Jelly


Innate Abilities, Weirdness & Mutations

A weak demonic guardian rushes to your aid.
You are mostly covered in sharp spines.
Your movements are significantly less encumbered by armour. (ER -6)
Your touch may inflict irresistible damage on your foes.
You have a pair of large horns on your head.
You have razor-sharp toenails.
You are agile. (Dex +4, Str/Int -1)
Your mind is acute. (Int +4, Str/Dex -1)
You are highly strong-willed. (Will++)
Armour fits poorly on your massive pseudopods.


Message History

You hit the orc warlord but do no damage.
The orc warlord is poisoned.
A cyclops comes into view.
The walls burn the orc warrior!
You kill the orc warrior!
The wall burns the orc!
The orc is struck by your spines.
You kill the orc!
Something hits the fungus!
The fungus begins to die.
An orc warrior comes into view. It is wielding a +0 mace.
The orc high priest hits you with a +2 halberd of flaming!!
* * * LOW HITPOINT WARNING * * *
The orc high priest burns you.
* * * LOW HITPOINT WARNING * * *
You hear a shout!
Aim the phial where?
Press: ? - help, Q - select action, (/) - cycle Shift-Dir - straight line, f - orc high priest
Aim: an orc high priest, wielding a +2 halberd of flaming (severely wounded, strong, very poisoned, umbra)
The torrent of water misses the orc high priest.
The wave splashes down.
Splash!
You fall into the shallow water.
Moving in this stuff is going to be slow.
The rust devil is engulfed in water.
The orc high priest is engulfed in water.
The orc warrior is engulfed in water.
The orc warlord is engulfed in water.
You hear a shout! x2; You hear a howl! x2
The walls burn the rust devil!
The rust devil is struck by your spines.
The rust devil misses you.
The wall burns the orc warrior!
The orc warrior hits you with a +0 antimagic battleaxe!
* * * LOW HITPOINT WARNING * * *
A demonic guardian appears!
You feel your power leaking away.
The orc high priest is struck by your spines.
The orc high priest hits you but does no damage.
An orc warrior comes into view. It is wielding a +0 glaive.
The walls burn the orc warlord!
The orc warlord hits you with a +1 great mace of protection!
You die...

....∩..........
..o...Po.......
..P..C........
......oP....#
P.........##
PoP≈≈....#
#4≈≈)## #)oo))#
#4@o#.##
#≈#))..#
###).)## #.).##
##.## ###


You could see an orc warlord (strong, very poisoned, waterlogged), an orc high
priest (strong, very poisoned, waterlogged, ally target), a cyclops, a rust
devil (summoned, waterlogged), 4 orc warriors, an orc (strong) and a friendly
rust devil (summoned).

Vanquished Creatures
  Gastronok (Lair:2)
  An orc warlord (Orc:2)
  A very ugly thing (D:15)
  The ghost of purpskrrrp the Cleaver, a journeyman MiDe of Okawaru (Lair:3)
  Nessos (Lair:5)
  A minotaur (Gauntlet)
  A blizzard demon (Gauntlet)
  4 boulder beetles
  2 centaur warriors
  5 catoblepae
  A death knight (D:15)
  7 hydras
  13 death yaks
  6 two-headed ogres
  3 tengu warriors
  Urug (D:10)
  An orc high priest (Orc:2)
  Nergalle (D:12)
  Sonja (D:12)
  Amaemon (Lair:2)
  A fire crab (Lair:5)
  Lodul (D:13)
  2 skeletal warriors (D:13)
  2 lindwurms (Lair:5)
  2 deep elf pyromancers
  A wizard (D:14)
  3 oklob plants
  4 orc knights (Orc:1)
  5 cyclopes
  18 ugly things
  An orc sorcerer (Orc:1)
  6 manticores
  3 elephants (Lair:5)
  5 black mambas
  2 torpor snails (Lair:5)
  An orange demon (Lair:2)
  10 cane toads
  A gargoyle (D:14)
  6 komodo dragons
  An efreet (D:14)
  5 rime drakes (Lair:5)
  4 unseen horrors
  2 ice devils (Gauntlet)
  A komodo dragon (shapeshifter) (D:15)
  A tengu conjurer (D:14)
  2 meliai (D:15)
  9 trolls
  10 polar bears (Lair:5)
  2 hornets (Lair:5)
  A raiju (Lair:5)
  5 dream sheep (Lair:5)
  5 blink frogs (Lair:5)
  A snapping turtle (Lair:3)
  3 centaur simulacra
  2 culicivoras (Lair:3)
  4 jumping spiders (Lair:3)
  2 shadows
  5 water elementals (D:13)
  32 yaks
  A fire elemental (D:15)
  A vampire (D:10)
  4 wraiths
  7 wyverns
  3 fire bats (Orc:1)
  5 basilisks
  2 steam dragons
  2 redbacks (Lair:3)
  4 vampire mosquitoes
  3 chaos spawn (Gauntlet)
  A neqoxec (Gauntlet)
  6 wargs
  3 acid dragons
  15 water moccasins
  16 hell hounds
  6 sky beasts
  24 orc warriors
  13 black bears
  17 wolves
  An ice beast (shapeshifter) (D:15)
  11 ogres
  4 boggarts
  6 centaurs
  A phantom (D:5)
  2 kobold brigands
  9 bullfrogs
  A gnoll sergeant (D:8)
  3 scorpions
  12 wights
  2 hornet simulacra
  5 killer bees
  3 vampire bats (Lair:3)
  6 electric eels
  6 howler monkeys
  A lava snake (D:12)
  12 orc priests
  A gnoll bouda (D:8)
  A human skeleton (D:6)
  Terence (D:3)
  10 orc wizards
  5 hell rats (Lair:4)
  A statue (D:4)
  6 adders
  A gnoll (D:6)
  2 shadow imps
  2 white imps (D:8)
  2 dart slugs
  49 orcs
  6 ball pythons
  2 endoplasms (D:1)
  4 giant cockroaches
  7 goblins
  6 hobgoblins
  6 jackals
  6 quokkas
  8 bats
  2 frilled lizards
  13 kobolds
  9 rats
592 creatures vanquished.

Vanquished Creatures (collateral kills)
  A frost giant (D:13)
  A fire giant (D:13)
  A two-headed ogre (D:9)
  A death yak (Lair:4)
  A mana viper (shapeshifter) (D:13)
  5 ugly things (D:15)
  A cyclops (D:11)
  An elephant (Lair:5)
  A cane toad (Lair:5)
  A cane toad (shapeshifter) (D:14)
  A tengu conjurer (D:14)
  A meliai (D:15)
  A dream sheep (Lair:5)
  Menkaure (D:6)
  A water moccasin (Lair:5)
  An orc warrior (D:6)
  An ogre (D:6)
  An orc priest (D:7)
  2 gnolls (D:6)
  3 orcs (D:6)
27 creatures vanquished.

Vanquished Creatures (others)
  A satyr (shapeshifter) (D:15)
  A death yak (D:8)
  2 glowing orange brains
  An ugly thing (D:15)
  A manticore (D:9)
  A troll (D:10)
  3 slime creatures
  A hell hound (Lair:5)
  A water moccasin (D:6)
  A boggart (D:14)
  2 centaurs
  A kobold brigand (D:7)
  A necrophage (D:7)
  A bullfrog (D:7)
  A scorpion (D:6)
  2 electric eels
  57 jellies
  4 orc priests
  3 orc wizards
  A shadow imp (Gauntlet)
  2 white imps
  3 ufetubi
  A dart slug (D:4)
  An endoplasm (D:4)
  8 orcs
  2 ball pythons (D:2)
  A goblin (D:2)
  A hobgoblin (D:2)
  5 kobolds
  A rat (D:2)
  4 demonic plants (Gauntlet)
  74 fungi
  95 plants
284 creatures vanquished.

Grand Total: 903 creatures vanquished

Notes
Turn   | Place    | Note
-------+----------+-------------------------------------------
     0 | D:1      | gelatine the Demonspawn Gladiator began the quest for the
                  | Orb.
     0 | D:1      | Reached XP level 1. HP: 16/16 MP: 1/1
   255 | D:1      | Reached skill level 3 in Axes
   255 | D:1      | Gained mutation: Your movements are slightly less
                  | encumbered by armour. (ER -2) [demonic ancestry]
   255 | D:1      | Reached XP level 2. HP: 22/22 MP: 2/2
   604 | D:1      | Found a faded altar of an unknown god.
   644 | D:1      | Prayed at the altar of an unknown god.
   644 | D:1      | Became a worshipper of Jiyva Jeheah the Shapeless
   644 | D:1      | Reached * piety under Jiyva
   683 | D:1      | Gained mutation: You are partially covered in sharp spines.
                  | [demonic ancestry]
   683 | D:1      | Reached XP level 3. HP: 27/27 MP: 3/3
   926 | D:2      | Reached ** piety under Jiyva
  1638 | D:3      | Reached *** piety under Jiyva
  1716 | D:3      | Gained mutation: Your translucent skin slightly reduces
                  | your foes' accuracy. (Stealth+) [Jiyva's grace]
  1716 | D:3      | Gained mutation: Your translucent skin reduces your foes'
                  | accuracy. (Stealth+) [Jiyva's grace]
  1716 | D:3      | Gained mutation: Your transparent skin significantly
                  | reduces your foes' accuracy. (Stealth+) [Jiyva's grace]
  1716 | D:3      | Gained mutation: Your muscles are strong. (Str +4, Int/Dex
                  | -1) [Jiyva's grace]
  1857 | D:3      | Found an ornate altar of the Wu Jian Council.
  1917 | D:3      | Noticed Terence
  1934 | D:3      | Killed Terence
  1935 | D:3      | Reached skill level 4 in Axes
  1935 | D:3      | Reached skill level 1 in Stealth
  1935 | D:3      | Gained mutation: Your touch may inflict minor irresistible
                  | damage on your foes. [demonic ancestry]
  1935 | D:3      | Reached XP level 4. HP: 33/33 MP: 4/4
  2101 | D:4      | Found a radiant altar of Vehumet.
  2102 | D:4      | Noticed a charred statue
  2150 | D:4      | Reached **** piety under Jiyva
  2170 | D:4      | Found a sparkling altar of Nemelex Xobeh.
  2282 | D:4      | Noticed a scorpion
  2288 | D:4      | Killed a scorpion
  2289 | D:4      | Gained mutation: Your movements are less encumbered by
                  | armour. (ER -4) [demonic ancestry]
  2289 | D:4      | Reached XP level 5. HP: 39/39 MP: 5/5
  2404 | D:4      | Found a blossoming altar of Fedhas.
  2435 | D:4      | Found a shadowy altar of Dithmenos.
  2507 | D:4      | Found Geffuat's Weapon Boutique.
  2625 | D:5      | Entered Level 5 of the Dungeon
  2632 | D:5      | Noticed a phantom
  2641 | D:5      | Killed a phantom
  2642 | D:5      | Reached skill level 5 in Axes
  2708 | D:5      | Gained mutation: Your movements are significantly less
                  | encumbered by armour. (ER -6) [demonic ancestry]
  2708 | D:5      | Reached XP level 6. HP: 46/46 MP: 6/6
  2740 | D:5      | Reached skill level 1 in Armour
  2851 | D:5      | Gained mutation: You have supernaturally acute eyesight.
                  | (SInv) [Jiyva's grace]
  2851 | D:5      | Gained mutation: Your muscles are very strong. (Str +8,
                  | Int/Dex -2) [Jiyva's grace]
  2851 | D:5      | Gained mutation: Your spells are a little harder to cast,
                  | but a little more powerful. [Jiyva's grace]
  2851 | D:5      | Gained mutation: Your spells are harder to cast, but more
                  | powerful. [Jiyva's grace]
  3055 | D:6      | Gained mutation: A weak demonic guardian rushes to your
                  | aid. [demonic ancestry]
  3055 | D:6      | Reached XP level 7. HP: 41/52 MP: 7/7
  3104 | D:6      | Reached ***** piety under Jiyva
  3122 | D:6      | Reached skill level 6 in Axes
  3154 | D:6      | Noticed Menkaure
  3161 | D:6      | Killed Menkaure
  3199 | D:6      | Reached XP level 8. HP: 49/60 MP: 8/8
  3202 | D:6      | Reached skill level 7 in Axes
  3242 | D:6      | Found a runed translucent door.
  3249 | D:6      | Found a basalt altar of Yredelemnul.
  3266 | D:6      | Noticed a troll
  3276 | D:6      | Killed a troll
  3317 | D:6      | Found the +18 Lear's hauberk
  3351 | D:6      | Got the -2 helmet of Entitlement {rElec Int+3}
  3400 | D:6      | Found a burning altar of Makhleb.
  3664 | D:7      | Found Keoden's General Store.
  3691 | D:7      | Found a snail-covered altar of Cheibriados.
  3748 | D:7      | Reached skill level 8 in Axes
  4009 | D:7      | Identified the +1 dagger of Abomination {speed, rPois rF+
                  | Will+}
  4136 | D:7      | Found a staircase to the Ecumenical Temple.
  4598 | D:8      | Noticed a death yak
  4599 | D:8      | Noticed a death yak
  4604 | D:8      | Reached XP level 9. HP: 67/67 MP: 9/9
  4617 | D:8      | Killed a death yak
  4618 | D:8      | Reached skill level 5 in Fighting
  4628 | D:8      | Killed a death yak
  4629 | D:8      | Reached skill level 9 in Axes
  4635 | D:8      | Found a staircase to the Lair.
  4636 | D:8      | Noticed a death yak
  4637 | D:8      | Noticed a death yak
  4637 | D:8      | Noticed a death yak
  4657 | D:8      | Killed a death yak
  4660 | D:8      | Reached XP level 10. HP: 74/76 MP: 10/10
  4666 | D:8      | Killed a death yak
  4667 | D:8      | Reached skill level 10 in Axes
  4667 | D:8      | Reached skill level 5 in Armour
  4684 | D:8      | Killed a death yak
  4707 | D:8      | Noticed a four-headed hydra
  4777 | D:8      | Lost mutation: You have supernaturally acute eyesight.
                  | (SInv) [Jiyva's grace]
  4777 | D:8      | Gained mutation: You have a small jelly attached to you
                  | that senses nearby items. [Jiyva's grace]
  4777 | D:8      | Gained mutation: You passively map a small area around you.
                  | [Jiyva's grace]
  4777 | D:8      | Gained mutation: You passively map the area around you.
                  | [Jiyva's grace]
  4777 | D:8      | Gained mutation: You passively map a large area around you.
                  | [Jiyva's grace]
  4904 | D:8      | Killed a five-headed hydra
  4905 | D:8      | Reached skill level 11 in Axes
  4952 | D:8      | Noticed a manticore
  4964 | D:8      | Killed a manticore
  4970 | D:8      | Reached skill level 1 in Short Blades
  5128 | D:8      | Noticed a catoblepas
  5136 | D:8      | Killed a catoblepas
  5137 | D:8      | Reached skill level 5 in Dodging
  5137 | D:8      | Reached XP level 11. HP: 77/83 MP: 11/11
  5169 | D:8      | Found a bloodstained altar of Trog.
  5247 | D:8      | Found a sacrificial altar of Ru.
  5455 | D:9      | Noticed a two-headed ogre
  5467 | D:9      | Killed a two-headed ogre
  5468 | D:9      | Noticed a purple ugly thing
  5482 | D:9      | Killed a purple ugly thing
  5495 | D:9      | Noticed a boulder beetle
  5504 | D:9      | Killed a boulder beetle
  5505 | D:9      | Reached skill level 12 in Axes
  5505 | D:9      | Found the ring of Shadows {Umbra +Inv Stlth+}
  5517 | D:9      | Reached skill level 5 in Stealth
  5520 | D:9      | Got Hapu's Secrets of the Throng
  5545 | D:9      | Identified the +1 ring mail of the Conjuring Gods {Str+4}
  5582 | D:9      | Reached ****** piety under Jiyva
  5627 | D:9      | Noticed a two-headed ogre
  5637 | D:9      | Killed a two-headed ogre
  5791 | D:9      | Found an ancient bone altar of Kikubaaqudgha.
  5855 | D:9      | Noticed a two-headed ogre
  5865 | D:9      | Killed a two-headed ogre
  5891 | D:9      | Found a staircase to the Orcish Mines.
  6307 | D:10     | Entered Level 10 of the Dungeon
  6316 | D:10     | Lost mutation: You passively map a large area around you.
                  | [Jiyva's grace]
  6316 | D:10     | Lost mutation: Your spells are harder to cast, but more
                  | powerful. [Jiyva's grace]
  6316 | D:10     | Lost mutation: You have a small jelly attached to you that
                  | senses nearby items. [Jiyva's grace]
  6316 | D:10     | Gained mutation: You are strong-willed. (Will+) [Jiyva's
                  | grace]
  6316 | D:10     | Gained mutation: You are highly strong-willed. (Will++)
                  | [Jiyva's grace]
  6316 | D:10     | Gained mutation: You are extremely strong-willed. (Will+++)
                  | [Jiyva's grace]
  6316 | D:10     | Gained mutation: You have sharp toenails. [Jiyva's grace]
  6320 | D:10     | Noticed an angel
  6323 | D:10     | Found a shimmering altar of Xom.
  6345 | D:10     | Noticed a two-headed ogre
  6353 | D:10     | Killed a two-headed ogre
  6354 | D:10     | Reached skill level 13 in Axes
  6683 | D:10     | Noticed Urug
  6692 | D:10     | Killed Urug
  6693 | D:10     | Reached XP level 12. HP: 76/92 MP: 12/12
  6733 | D:10     | Noticed a two-headed ogre
  6748 | D:10     | Killed a two-headed ogre
  6832 | D:10     | Noticed a two-headed ogre
  6842 | D:10     | Killed a two-headed ogre
  7133 | D:11     | Found a portal to a secret trove of treasure.
  7319 | D:11     | Noticed a boulder beetle
  7337 | D:11     | Killed a boulder beetle
  7620 | D:11     | Learned a level 2 spell: Blink
  7787 | D:12     | Noticed a two-headed ogre
  7792 | D:12     | Killed a two-headed ogre
  7793 | D:12     | Reached skill level 1 in Translocations
  7798 | D:12     | Reached skill level 1 in Spellcasting
  7842 | D:12     | Reached skill level 14 in Axes
  7990 | D:12     | Noticed Nergalle
  8003 | D:12     | Killed Nergalle
  8196 | D:12     | Found a flickering gateway to a bazaar.
  8202 | Bazaar   | Entered a bazaar
  8202 | Bazaar   | Found Haptuch's Weapon Shop.
  8219 | Bazaar   | Found Soximumm's Book Shoppe.
  8227 | Bazaar   | Found Peynlid's Distillery.
  8261 | Bazaar   | Found Poizyumeces's Assorted Antiques.
  8270 | Bazaar   | Bought a copper ring for 90 gold pieces
  8270 | Bazaar   | Bought a grey potion for 16 gold pieces
  8270 | Bazaar   | Bought a lumpy golden potion for 16 gold pieces
  8304 | Bazaar   | Bought a potion of heal wounds for 55 gold pieces
  8342 | D:12     | You fall into a shaft and drop 2 floors!
  8345 | D:14     | Found a gate to the Vaults.
  8380 | D:14     | Lost mutation: You have sharp toenails. [Jiyva's grace]
  8380 | D:14     | Lost mutation: You passively map the area around you.
                  | [Jiyva's grace]
  8380 | D:14     | Gained mutation: You have a small jelly attached to you
                  | that may absorb projectiles. [Jiyva's grace]
  8380 | D:14     | Gained mutation: Your mind is acute. (Int +4, Str/Dex -1)
                  | [Jiyva's grace]
  8380 | D:14     | Gained mutation: Your mind is very acute. (Int +8, Str/Dex
                  | -2) [Jiyva's grace]
  8380 | D:14     | Gained mutation: You expend magic power (3 MP) to
                  | strengthen your wands. [Jiyva's grace]
  8406 | D:14     | Noticed a centaur warrior
  8777 | D:13     | Noticed a frost giant
  8787 | D:13     | Noticed a fire giant
  8790 | D:13     | Noticed an ettin
  8790 | D:13     | a redback changed into an ettin
  8804 | D:13     | an ettin changed into a merfolk
  8807 | D:13     | Killed a frost giant
  8810 | D:13     | Killed a fire giant
  8811 | D:13     | Reached skill level 1 in Evocations
  8811 | D:13     | Gained mutation: Your touch may inflict irresistible damage
                  | on your foes. [demonic ancestry]
  8811 | D:13     | Reached XP level 13. HP: 57/101 MP: 16/16
  9791 | D:12     | Noticed Sonja
  9819 | D:12     | Killed Sonja
  9992 | D:12     | Reached skill level 15 in Axes
 10442 | D:13     | Noticed Lodul
 10453 | D:13     | Killed Lodul
 11098 | D:15     | Entered Level 15 of the Dungeon
 11140 | D:15     | Reached skill level 10 in Fighting
 11290 | D:15     | Found a gate leading to a gauntlet.
 11299 | Gauntlet | Entered a Gauntlet
 11299 | Gauntlet | Found a transporter.
 11299 | Gauntlet | Found a transporter.
 11305 | Gauntlet | Found a transporter.
 11315 | Gauntlet | Found a transporter.
 11322 | Gauntlet | Noticed a blizzard demon
 11325 | Gauntlet | Found a transporter.
 11325 | Gauntlet | Found a transporter.
 11329 | Gauntlet | Found a transporter.
 11356 | Gauntlet | Found a transporter.
 11363 | Gauntlet | Found a transporter.
 11372 | Gauntlet | Found a transporter.
 11381 | Gauntlet | Found a transporter.
 11403 | Gauntlet | Found a transporter.
 11449 | Gauntlet | Found a transporter.
 11463 | Gauntlet | Found a transporter.
 11564 | Gauntlet | Found a transporter.
 11589 | Gauntlet | Found a transporter.
 11828 | Gauntlet | Killed a blizzard demon
 11829 | Gauntlet | Reached skill level 16 in Axes
 11855 | Gauntlet | Noticed a minotaur
 11868 | Gauntlet | Killed a minotaur
 11895 | Gauntlet | Lost mutation: You are extremely strong-willed. (Will+++)
                  | [Jiyva's grace]
 11895 | Gauntlet | Lost mutation: Your spells are a little harder to cast, but
                  | a little more powerful. [Jiyva's grace]
 11895 | Gauntlet | Lost mutation: Your transparent skin significantly reduces
                  | your foes' accuracy. (Stealth+) [Jiyva's grace]
 11895 | Gauntlet | Lost mutation: Your translucent skin reduces your foes'
                  | accuracy. (Stealth+) [Jiyva's grace]
 11895 | Gauntlet | Lost mutation: Your translucent skin slightly reduces your
                  | foes' accuracy. (Stealth+) [Jiyva's grace]
 11895 | Gauntlet | Lost mutation: You have a small jelly attached to you that
                  | may absorb projectiles. [Jiyva's grace]
 11895 | Gauntlet | Gained mutation: You have a pair of small horns on your
                  | head. [Jiyva's grace]
 11895 | Gauntlet | Gained mutation: You have a pair of horns on your head.
                  | [Jiyva's grace]
 11895 | Gauntlet | Gained mutation: You have a pair of large horns on your
                  | head. [Jiyva's grace]
 11895 | Gauntlet | Gained mutation: You are covered in fur. (AC +1) [Jiyva's
                  | grace]
 12115 | D:15     | Gained mutation: You are mostly covered in sharp spines.
                  | [demonic ancestry]
 12115 | D:15     | Reached XP level 14. HP: 94/111 MP: 17/17
 12124 | D:15     | Found Mesall's Antique Weapon Shoppe.
 12126 | D:15     | Noticed Azrael
 12487 | D:15     | Found Waelem's Magic Scroll Boutique.
 12495 | D:15     | Bought a scroll of enchant weapon for 105 gold pieces
 12667 | D:15     | Noticed an angel
 12687 | D:15     | Noticed a cyan very ugly thing
 12691 | D:15     | Killed a cyan very ugly thing
 12697 | D:15     | Found a staircase to the Depths.
 12799 | D:15     | Identified a scroll of acquirement
 12799 | D:15     | Acquired a manual of Dodging
 12803 | D:15     | Lost mutation: You expend magic power (3 MP) to strengthen
                  | your wands. [potion of mutation]
 12803 | D:15     | Lost mutation: You are highly strong-willed. (Will++)
                  | [potion of mutation]
 12803 | D:15     | Lost mutation: You passively map a small area around you.
                  | [potion of mutation]
 12803 | D:15     | Gained mutation: You are robust. (+10% HP) [potion of
                  | mutation]
 12803 | D:15     | Gained mutation: You have large cloven feet. [potion of
                  | mutation]
 13429 | Lair:1   | Entered Level 1 of the Lair of Beasts
 13448 | Lair:1   | Lost mutation: You have a pair of large horns on your head.
                  | [potion of mutation]
 13448 | Lair:1   | Lost mutation: Your mind is very acute. (Int +8, Str/Dex
                  | -2) [potion of mutation]
 13448 | Lair:1   | Gained mutation: Your body sometimes deteriorates upon
                  | taking damage. [potion of mutation]
 13448 | Lair:1   | Gained mutation: You are agile. (Dex +4, Str/Int -1)
                  | [potion of mutation]
 13842 | Lair:1   | You fall into a shaft and drop 1 floor!
 13898 | Lair:2   | Noticed Gastronok
 13909 | Lair:2   | Killed Gastronok
 13920 | Lair:2   | Acquired a +1 executioner's axe of electrocution
 13959 | Lair:2   | Noticed Amaemon
 13981 | Lair:2   | Killed Amaemon
 14156 | Lair:2   | Lost mutation: You are robust. (+10% HP) [Jiyva's grace]
 14156 | Lair:2   | Gained mutation: You are covered in slimy tendrils that may
                  | disarm your opponents. [Jiyva's grace]
 14156 | Lair:2   | Lost mutation: You have large cloven feet. [Jiyva's grace]
 14156 | Lair:2   | Gained mutation: You have sharp toenails. [Jiyva's grace]
 14156 | Lair:2   | Gained mutation: You have razor-sharp toenails. [Jiyva's
                  | grace]
 14156 | Lair:2   | Gained mutation: You have claws for feet. [Jiyva's grace]
 15128 | Lair:3   | Found a hole to the Spider Nest.
 15611 | Lair:3   | Found a runed translucent gate.
 15611 | Lair:3   | Found a runed translucent gate.
 15611 | Lair:3   | Found a runed translucent gate.
 15616 | Lair:3   | Noticed purpskrrrp's ghost (journeyman MiDe)
 15633 | Lair:3   | Killed purpskrrrp's ghost
 15634 | Lair:3   | Reached skill level 17 in Axes
 15702 | Lair:3   | Found a staircase to the Shoals.
 15869 | Lair:3   | Found a blossoming altar of Fedhas.
 16069 | Lair:4   | Lost mutation: You are agile. (Dex +4, Str/Int -1) [Jiyva's
                  | grace]
 16069 | Lair:4   | Lost mutation: Your body sometimes deteriorates upon taking
                  | damage. [Jiyva's grace]
 16069 | Lair:4   | Lost mutation: You are covered in fur. (AC +1) [Jiyva's
                  | grace]
 16069 | Lair:4   | Lost mutation: Your muscles are very strong. (Str +8,
                  | Int/Dex -2) [Jiyva's grace]
 16069 | Lair:4   | Gained mutation: Armour fits poorly on your pseudopods.
                  | [Jiyva's grace]
 16069 | Lair:4   | Gained mutation: Armour fits poorly on your large
                  | pseudopods. [Jiyva's grace]
 16069 | Lair:4   | Gained mutation: Armour fits poorly on your massive
                  | pseudopods. [Jiyva's grace]
 16069 | Lair:4   | Gained mutation: You are agile. (Dex +4, Str/Int -1)
                  | [Jiyva's grace]
 16748 | Lair:5   | Entered Level 5 of the Lair of Beasts
 16748 | Lair:5   | Found a staircase to the Slime Pits.
 16748 | Lair:5   | Found a viscous altar of Jiyva.
 16776 | Lair:5   | Reached XP level 15. HP: 76/119 MP: 18/18
 16824 | Slime:1  | Entered Level 1 of the Pits of Slime
 16874 | Slime:1  | Noticed an acid blob
 16879 | Slime:1  | Noticed a rockslime
 16901 | Slime:1  | Noticed a rockslime
 17048 | Slime:2  | Noticed an azure jelly
 17087 | Slime:2  | Noticed an azure jelly
 17118 | Slime:2  | Noticed an acid blob
 17158 | Slime:3  | Noticed an acid blob
 17173 | Slime:3  | Noticed an azure jelly
 17182 | Slime:3  | Noticed an acid blob
 17183 | Slime:3  | Noticed an azure jelly
 17184 | Slime:3  | Noticed an azure jelly
 17299 | Slime:3  | Noticed a rockslime
 17434 | Slime:4  | Noticed a rockslime
 17502 | Slime:4  | Noticed an azure jelly
 17814 | Slime:5  | Entered Level 5 of the Pits of Slime
 17860 | Slime:5  | Noticed an azure jelly
 17875 | Slime:5  | Noticed a rockslime
 17888 | Slime:5  | Noticed an acid blob
 17918 | Slime:5  | Noticed an acid blob
 17979 | Slime:5  | Noticed an acid blob
 17988 | Slime:5  | Noticed the Royal Jelly
 18007 | Slime:5  | Found a viscous altar of Jiyva.
 18008 | Slime:5  | Noticed an acid blob
 18010 | Slime:5  | Noticed a rockslime
 18019 | Slime:5  | Got a slimy rune of Zot
 18032 | Slime:5  | Identified the +0 buckler of Irimah {Rampage rElec Int+2}
 18046 | Slime:5  | Identified the +5 chain mail of Hofollem {Rampage rCorr
                  | Stlth+}
 18117 | Slime:5  | Noticed an acid blob
 18832 | Lair:5   | Reached skill level 18 in Axes
 18834 | Lair:5   | Reached skill level 10 in Dodging
 19038 | Lair:5   | Noticed Nessos
 19047 | Lair:5   | Killed Nessos
 19599 | Orc:1    | Entered Level 1 of the Orcish Mines
 19847 | Orc:1    | Lost mutation: You have claws for feet. [Jiyva's grace]
 19847 | Orc:1    | Lost mutation: Your muscles are strong. (Str +4, Int/Dex
                  | -1) [Jiyva's grace]
 19847 | Orc:1    | Lost mutation: You are covered in slimy tendrils that may
                  | disarm your opponents. [Jiyva's grace]
 19847 | Orc:1    | Gained mutation: You have a pair of large horns on your
                  | head. [Jiyva's grace]
 19847 | Orc:1    | Gained mutation: You have claws for feet. [Jiyva's grace]
 19847 | Orc:1    | Gained mutation: You are highly strong-willed. (Will++)
                  | [Jiyva's grace]
 19847 | Orc:1    | Gained mutation: You are extremely strong-willed. (Will+++)
                  | [Jiyva's grace]
 19848 | Orc:1    | Lost mutation: You have claws for feet. [potion of
                  | mutation]
 19848 | Orc:1    | Lost mutation: You are extremely strong-willed. (Will+++)
                  | [potion of mutation]
 19868 | Orc:1    | Learned a level 2 spell: Ensorcelled Hibernation
 19991 | Orc:1    | Found Repuiz's Jewellery Emporium.
 20049 | Orc:1    | Found a dark tunnel.
 20367 | Orc:2    | Entered Level 2 of the Orcish Mines
 20367 | Orc:2    | Noticed an orc warlord
 20367 | Orc:2    | Noticed an orc warlord
 20367 | Orc:2    | Found Xuefinerph's Antique Armour Shop.
 20379 | Orc:2    | Killed an orc warlord
 20399 | Orc:2    | Slain by an orc warlord

Illustrated notes

Levels and vault maps discovered:
D:1:      scummos_arrival_checkerplants, layout_rooms, basic_ecumenical_altar
D:2:      layout_basic, minmay_split_cup_small
D:3:      layout_basic, nzn_wu_jian_council_hall, uniq_terence
D:4:      cheibrodos_helix_gallery, layout_cave_pools, vehumet_statue,
          mainiacjoe_overflow_two_lobes, nemelex_diamond_rough_becter,
          serial_shops, nicolae_shop_bloodbath_and_beyond
D:5:      layout_rooms, chequers_arboretum
D:6:      layout_rooms, dk_yredelemnul_ordeal, mainiacjoe_overflow_chevrons,
          hellmonk_guarded_unrand_lears, uniq_menkaure
D:7:      layout_loops_corners, mainiacjoe_overflow_six_doors_small,
          minmay_temple_entry_drinking_statues, serial_shops,
          nicolae_shop_crystal, nicolae_benzene_ring
D:8:      layout_basic, mainiacjoe_overflow_cross_hatched,
          mainiacjoe_overflow_alcove_4, amcnicky_altar_gilded,
          dpeg_lair_monsters, nzn_random_ring
D:9:      layout_loops_ring, lemuel_doored_altar, hiddenorc1_lemuel,
          minmay_the_grid_2x2 [minmay_the_grid_holed_spiral,
          minmay_the_grid_minigrid_small_alt, minmay_the_grid_aliased_spiral,
          minmay_the_grid_prize_four_corners_diamond_b]
D:10:     layout_roguey, grunt_temple_overflow_order_and_chaos_1, minivault_4,
          uniq_urug
D:11:     layout_loops_ring, nicolae_trove_entry_crossroad,
          kennysheep_small_square
D:12:     layout_layer_cave, serial_shops, bzr_entry_safe, kennysheep_donut,
          uniq_sonja, uniq_nergalle
D:13:     minmay_glassy_protrusions, layout_basic, kennysheep_generic_room_16,
          uniq_lodul
D:14:     layout_big_octagon, serial_bayou_pond_a
D:15:     gammafunk_enter_depths_forms, layout_irregular_city,
          gauntlet_entry_generic, zin_angel, serial_shops, nicolae_shop_crystal,
          shop, uniq_azrael
Lair:1:   layout_regular_city, chequers_serial_rivers_micro_e,
          cheibrodos_lair_reptile_den
Lair:2:   layout_cellular_growth, infiniplex_staircase_pool,
          serial_bayou_shore_a, grunt_megastairs_3, uniq_gastronok, uniq_amaemon
Lair:3:   layout_loops_ring, minmay_shoals_entry_hut,
          nicolae_spider_entry_tight_spaces, ebering_ghost_rock_garden,
          roderic_batcave, hangedman_tree_tricks, grunt_megastairs_1
Lair:4:   layout_loops_ring, lemuel_old_faithful, infiniplex_staircase_pool_2
Lair:5:   hangedman_lair_in_review, layout_loops_ring,
          hangedman_lair_caniforms_friends, slime_entry_1,
          grunt_forest_small_clearings, serial_bayou_pond_e,
          lemuel_fruit_fields, uniq_nessos
Slime:1:  layout_caves, cheibrodos_slime_lost_civilization_6
Slime:2:  layout_caves
Slime:3:  layout_caves
Slime:4:  nicolae_slime_pool, layout_caves, nicolae_slime_phagocytosis
Slime:5
Orc:1:    layout_caves, serial_shops, shop, nicolae_volcano_entry_batcave,
          mines3_lemuel
Orc:2:    grunt_orc_gardens, layout_diamond_mine, grunt_orc_garden,
          grunt_orc_garden, grunt_orc_garden, grunt_orc_garden

Skill      XL: |  1  2  3  4  5  6  7  8  9 10 11 12 13 14 15 |
---------------+----------------------------------------------+-----
Axes           | 3 4 5 6 8 9 11 13 14 16 17 18 | 18.5
Dodging        | 3 4 5 6 8 11 | 11.1
Stealth        | 1 2 4 5 6 7 |  7.7
Fighting       | 3 4 5 6 8 9 10 11 12 | 12.2
Throwing       | 2 3 |  3.3
Armour         | 1 2 3 4 6 7 8 9 |  9.1
Short Blades   | 1 2 |  2.4
Translocations | 2 |  2.5
Spellcasting   | 2 |  2.6
Evocations     | 1 2 3 |  3.0
Hexes          | |  0.1
Ice Magic      | |  0.5

Action                   |  1- 3 |  4- 6 |  7- 9 | 10-12 | 13-15 || total
-------------------------+-------+-------+-------+-------+-------++-------
Melee: War axe           |    96 |    48 |    88 |   103 |    65 ||   400
       Touch             |       |     8 |    28 |    26 |     7 ||    69
       Punch             |       |       |     1 |       |     2 ||     3
       Dagger            |       |       |       |    15 |    42 ||    57
       Battleaxe         |       |       |       |   281 |   436 ||   717
       Kick              |       |       |       |    42 |   194 ||   236
       Headbutt          |       |       |       |       |   134 ||   134
       Executioner's axe |       |       |       |       |   205 ||   205
       Pseudopods        |       |       |       |       |   101 ||   101
Throw: Throwing net      |     3 |       |       |       |       ||     3
       Dart              |       |     3 |     1 |       |    23 ||    27
       Javelin           |       |     1 |       |       |       ||     1
 Cast: Blink             |       |       |       |       |     3 ||     3
       Ensorcelled Hiber |       |       |       |       |     5 ||     5
Invok: Oozemancy         |       |       |       |     1 |     7 ||     8
Evoke: Lightning rod     |       |       |       |       |     3 ||     3
       Wand              |       |       |       |       |     3 ||     3
       Phial of floods   |       |       |       |       |     2 ||     2
  Use: Scroll            |       |    12 |     3 |     9 |     6 ||    30
       Potion            |       |       |     1 |     3 |    10 ||    14
 Stab: Sleeping          |     2 |     2 |     3 |     9 |    26 ||    42
       Held in net/web   |     1 |       |       |       |       ||     1
       Distracted        |       |       |     1 |     1 |     7 ||     9
Armor: Leather armour    |    25 |       |       |       |       ||    25
       Chain mail        |       |    17 |    31 |   197 |   405 ||   650
       Ring mail         |       |       |       |       |    45 ||    45
Dodge: Dodged            |    63 |    27 |    53 |   305 |   622 ||  1070
Block: Buckler           |       |       |       |       |    11 ||    11

Table legend: (Time is in decaauts)
 A = Elapsed time spent in this place.
 B = Non-inter-level travel time spent in this place.
 C = Inter-level travel time spent in this place.
 D = Time resting spent in this place.
 E = Time spent auto-exploring this place.
 F = Levels seen in this place.
 G = Mean time per level.
                   A        B        C        D        E       F      G
               +--------+--------+--------+--------+--------+-----+--------+
         Total |  20458 |  17994 |   2464 |    277 |  12816 |  29 |  705.4 |
       Dungeon |  12763 |  10959 |   1804 |    277 |   7655 |  15 |  850.9 |
          Lair |   4520 |   4363 |    157 |      0 |   3215 |   5 |  904.0 |
    Slime Pits |   1621 |   1219 |    402 |      0 |   1157 |   5 |  324.2 |
  Orcish Mines |    777 |    677 |    100 |      0 |    401 |   2 |  388.5 |
        Bazaar |    117 |    117 |      0 |      0 |     62 |   1 |  117.0 |
      Gauntlet |    657 |    657 |      0 |      0 |    326 |   1 |  657.0 |
               +--------+--------+--------+--------+--------+-----+--------+

Top non-repeatable levels by time:
    D:12: 1654 daAuts
    D:13: 1350 daAuts
  Lair:5: 1086 daAuts
  Lair:3: 1041 daAuts
     D:7: 1002 daAuts
     D:9: 951 daAuts
    D:15: 938 daAuts
     D:8: 916 daAuts
  Lair:2: 891 daAuts
     D:1: 886 daAuts
  Lair:1: 791 daAuts
     D:4: 762 daAuts
    D:11: 759 daAuts
   Orc:1: 752 daAuts
  Lair:4: 709 daAuts
